 Dungeon Crawl Stone Soup version 0.25.1-2-g60ff931df9 (webtiles) character file.

Game seed: 17394637036626096990

490 raphaelitos the Poker (level 7, 0/52 HPs)
             Began as a Merfolk Skald on Nov 16, 2020.
             Was an Initiate of Nemelex Xobeh.
             Slain by an orc warrior
             ... wielding a +0 mace
              (21 damage)
             ... on level 3 of the Dungeon.
             The game lasted 00:09:42 (4349 turns).

raphaelitos the Poker (Merfolk Skald)               Turns: 4349, Time: 00:09:43

Health: 0/52       AC:  5    Str: 12    XL:     7   Next: 14%
Magic:  1/11       EV: 13    Int: 14    God:    Nemelex Xobeh [......]
Gold:   163        SH:  0    Dex: 13    Spells: 6/11 levels left

rFire    . . .     SeeInvis .   c - +4 flail
rCold    . . .     Gourm    .   (no shield)
rNeg     . . .     Faith    .   b - +1 leather armour
rPois    .         Spirit   .   (no helmet)
rElec    .         Reflect  .   (no cloak)
rCorr    .         Harm     .   (no gloves)
MR       .....                  e - +0 pair of boots
Stlth    +.........             (no amulet)
HPRegen  0.17/turn              (no ring)
MPRegen  0.12/turn              (no ring)

@: no status effects
A: change form in water, swift swim, stealthy swim
a: Draw Escape, Draw Destruction, Draw Summoning, Renounce Religion


You were on level 3 of the Dungeon.
You worshipped Nemelex Xobeh.
Nemelex Xobeh was noncommittal.
You were not hungry.

You visited 1 branch of the dungeon, and saw 3 of its levels.
You also visited: Sewer.

You collected 163 gold pieces.

Inventory:

Hand Weapons
 a - a +0 spear
 c - a +4 flail (weapon)
Missiles
 g - 3 atropa-tipped darts (quivered)
 i - 24 sling bullets
Armour
 b - a +1 leather armour (worn)
 e - a +0 pair of boots (worn)
Scrolls
 f - a scroll of remove curse
 l - a scroll of teleportation
 n - a scroll of amnesia
Potions
 h - a potion of mutation {unknown}
 j - 2 potions of ambrosia {unknown}
 k - a potion of curing {unknown}
 m - 2 potions of might {unknown}
Comestibles
 d - 2 rations


   Skills:
 + Level 3.5 Fighting
 + Level 2.5 Maces & Flails
 + Level 5.0 Polearms
 + Level 1.9 Armour
 + Level 4.0 Dodging
 + Level 1.1 Stealth
 + Level 2.8 Spellcasting
 + Level 4.3 Charms


You had 6 spell levels left.
You knew the following spells:

 Your Spells              Type           Power        Failure   Level  Hunger
a - Infusion              Chrm           ##..         4%          1    #......
b - Song of Slaying       Chrm           ##......     7%          2    ###....
c - Shroud of Golubria    Chrm/Tloc      #.....       17%         2    ###....

Your spell library contained the following spells:

 Spells                   Type           Power        Failure   Level  Hunger
 Ozocubu's Armour         Chrm/Ice       #.......     34%         3    ###....
 Spectral Weapon          Hex/Chrm       #.......     34%         3    ###....


Dungeon Overview and Level Annotations

Branches:
Dungeon (3/15)              Sewer (visited)

Altars:
Nemelex Xobeh


Message History

The orc hits you with a +0 mace! The ooze hits you. The orc closely misses you.
The orc warrior hits you with a +0 mace.
The ooze hits you but does no damage.
Unknown command.
You hit the orc warrior but do no damage.
The orc warrior is almost dead.
The orc hits you with a +0 mace. The orc hits you with a +0 club.
The ooze closely misses you.
Unknown command.
You hit the orc!
You kill the orc!
You are no longer magically infusing your attacks.
The orc hits you but does no damage. The ooze misses you.
You sock the orc!
You kill the orc!
Your song has ended.
The ooze barely misses you.
The orc warrior hits you with a +0 mace!!
You die...
Your body disappears without a glow.

.............#.# #.#....
#######.######.###.#.###
........................
#######.#####...........
#.................
#####......>.....#####
#.......###...##.##
###.###J#.###.. #..#
......o@#...... ##.#
###.##oo#####..####.####
#ro. ............. #.###
#...###.#### ..
............ #..
##..#.#..### #.. ...
#.<..##. #..
#...#....##.
#...#....##.


You could see an orc warrior, an ooze, 3 orcs and a rat.

Vanquished Creatures
  4 big kobolds (Sewer)
  An orc wizard (D:3)
  A worker ant zombie (D:3)
  A river rat (Sewer)
  6 adders
  5 oozes
  An adder zombie (D:3)
  5 worms
  2 dart slugs
  A leopard gecko (D:3)
  4 orcs (D:3)
  7 ball pythons
  6 bats
  4 giant cockroaches
  10 hobgoblins
  2 jackals (D:3)
  A quokka (D:3)
  A frilled lizard (D:3)
  5 goblins
  11 kobolds
  10 rats
88 creatures vanquished.

Notes
Turn   | Place    | Note
-------+----------+-------------------------------------------
     0 | D:1      | raphaelitos the Merfolk Skald began the quest for the Orb.
     0 | D:1      | Reached XP level 1. HP: 16/16 MP: 3/3
   283 | D:1      | Reached XP level 2. HP: 22/22 MP: 0/5
   711 | D:1      | Learned a level 2 spell: Song of Slaying
   714 | D:1      | Learned a level 2 spell: Shroud of Golubria
   850 | D:2      | Reached XP level 3. HP: 27/27 MP: 3/6
  1229 | D:2      | Reached skill level 4 in Polearms
  1783 | D:3      | Reached XP level 4. HP: 24/34 MP: 2/7
  1969 | D:3      | Found a sparkling altar of Nemelex Xobeh.
  1980 | D:3      | Reached skill level 1 in Armour
  1984 | D:3      | Became a worshipper of Nemelex Xobeh the Trickster
  2457 | D:3      | Received a gift from Nemelex Xobeh
  2475 | D:3      | Found a glowing drain.
  2521 | Sewer    | Entered a sewer
  2849 | Sewer    | Noticed a big kobold
  2861 | Sewer    | Killed a big kobold
  2861 | Sewer    | Reached XP level 5. HP: 19/41 MP: 4/8
  3048 | Sewer    | Noticed a big kobold
  3061 | Sewer    | Killed a big kobold
  3061 | Sewer    | Reached skill level 1 in Maces & Flails
  3061 | Sewer    | Reached skill level 5 in Polearms
  3061 | Sewer    | Reached XP level 6. HP: 47/47 MP: 4/9
  3397 | Sewer    | Reached skill level 1 in Stealth
  3782 | Sewer    | Reached XP level 7. HP: 51/52 MP: 10/10
  3837 | D:3      | Received a gift from Nemelex Xobeh
  4349 | D:3      | Slain by an orc warrior

Illustrated notes

Levels and vault maps discovered:
D:1:      lightli_arrival_farm, layout_basic, minmay_quantized
D:2:      layout_loops_ring
D:3:      layout_basic, gup_sewer_entry_glass, nemelex_diamond_rough_becter

Skill      XL: |  1  2  3  4  5  6  7 |
---------------+----------------------+-----
Charms         | 4 |  4.3
Dodging        | 3 4 |  4.0
Polearms       | 4 5 |  5.0
Armour         | 1 |  1.9
Fighting       | 3 |  3.5
Maces & Flails | 1 2 |  2.5
Stealth        | 1 |  1.1
Spellcasting   | |  2.8

Action                   |  1- 3 |  4- 6 |  7- 9 || total
-------------------------+-------+-------+-------++-------
Melee: Spear             |   118 |    29 |       ||   147
       Flail             |       |   109 |    42 ||   151
       Tailslap          |       |     2 |       ||     2
 Cast: Infusion          |    10 |     8 |     2 ||    20
       Song of Slaying   |       |     2 |     1 ||     3
       Shroud of Golubri |       |       |     1 ||     1
Invok: Draw Destruction  |       |     1 |       ||     1
  Use: Scroll            |     3 |       |     3 ||     6
 Stab: Sleeping          |     2 |     1 |       ||     3
  Eat: Chunk             |     3 |     6 |     2 ||    11
Armor: Leather armour    |    30 |    37 |    17 ||    84
Dodge: Dodged            |    81 |    92 |    45 ||   218
